 Dungeon Crawl Stone Soup version 0.29.1 (webtiles) character file.

Game seed: 15251138685299849842

4111 bwicke the Slicer (level 10, -1/52 HPs)
             Began as a Kobold Arcane Marksman on Sept 13, 2022.
             Was an Initiate of Gozag.
             Slain by Gastronok (18 damage)
             ... on level 8 of the Dungeon.
             The game lasted 00:43:20 (11035 turns).

bwicke the Slicer (Kobold Arcane Marksman)         Turns: 11035, Time: 00:43:21

Health: -1/52      AC:  4    Str:  8    XL:     10   Next: 51%
Magic:  11/11      EV: 15    Int: 16    God:    Gozag
Gold:   649        SH:  5    Dex: 23    Spells: 8/11 levels left

rFire   . . .      SeeInvis .   b - +4 dagger of Noon {vorpal, rPois Dex+5}
rCold   . . .      Faith    .   (no shield)
rNeg    . . .      Spirit   .   c - +0 robe
rPois   +          Reflect  +   (no helmet)
rElec   .          Harm     .   (no cloak)
rCorr   .          Rampage  .   t - +1 pair of gloves
Will    .....                   (no boots)
Stlth   ++++++....              i - amulet of reflection
HPRegen 0.17/turn               E - ring of poison resistance
MPRegen 0.12/turn               F - +4 ring of slaying

@: no status effects
A: small, no large weapons, nightstalker 3
a: Renounce Religion, Potion Petition, Call Merchant, Bribe Branch


You were on level 8 of the Dungeon.
You worshipped Gozag.
Gozag was pleased with you.
You visited 2 branches of the dungeon, and saw 9 of its levels.
You also visited: Ossuary.

You collected 774 gold pieces.
You paid 125 gold pieces to Gozag.

Inventory:

Hand Weapons
 a - a +5 sling
 b - the +4 dagger of Noon (weapon) {vorpal, rPois Dex+5}
   (You found it on level 2 of the Dungeon)

   It inflicts extra damage upon your enemies.
   Dex:       It affects your dexterity (+5).
   rPois:     It protects you from poison.
 l - a +0 dagger of electrocution
 r - a +1 whip of distortion
 w - a +1 dagger of speed
 G - a +3 dagger
 H - a +5 hand axe
 K - a +0 whip of freezing
 L - a +1 spectral quarterstaff
 M - a +0 trident
Missiles
 d - 106 stones
 s - 11 poisoned darts
 D - 2 atropa-tipped darts
Armour
 c - a +0 robe (worn)
 t - a +1 pair of gloves (worn)
 y - an orb of light
 B - a +2 ring mail of poison resistance
Magical Staves
 z - a staff of death
Jewellery
 i - an amulet of reflection (around neck)
 E - a ring of poison resistance (left hand)
 F - a +4 ring of slaying (right hand)
Scrolls
 f - 9 scrolls of teleportation
 k - 2 scrolls of vulnerability
 o - 2 scrolls of blinking
 q - 2 scrolls of poison
 x - 2 scrolls of fear
Potions
 e - 2 potions of curing
 g - 4 potions of might {unknown}
 h - a potion of magic {unknown}
 j - 2 potions of brilliance {unknown}
 m - a potion of haste {unknown}
 n - 2 potions of flight {unknown}
 v - a potion of heal wounds {unknown}
 C - 2 potions of degeneration {unknown}
 I - a potion of lignification {unknown}
 J - 2 potions of cancellation {unknown}
Miscellaneous
 u - a tin of tremorstones (2/2)
 A - a piece from Xom's chessboard (14/15)


   Skills:
 - Level 1.3 Fighting
 - Level 10.0 Short Blades
 - Level 9.1 Ranged Weapons
 - Level 2.5 Dodging
 - Level 10.0 Stealth
 - Level 1.2 Spellcasting
 - Level 3.0 Hexes
 - Level 4.0 Translocations
 + Level 6.1 Poison Magic


You had 8 spell levels left.
You knew the following spells:

 Your Spells              Type           Power      Damage    Failure   Level
a - Slow                  Hex            40%        N/A       6%          1
b - Blink                 Tloc           26%        N/A       6%          2

Your spell library contained the following spells:

 Spells                   Type           Power      Damage    Failure   Level
 Gell's Gravitas          Tloc           13%        N/A       13%         3
 Lesser Beckoning         Tloc           13%        N/A       13%         3
 Teleport Other           Tloc           13%        N/A       13%         3
 Portal Projectile        Hex/Tloc       24%        N/A       16%         3
 Spider Form              Tmut/Pois      10%        N/A       19%         3
 Beastly Appendage        Tmut           2%         N/A       22%         1
 Magic Dart               Conj           4%         1d3       22%         1
 Ignite Poison            Fire/Tmut/Pois 7%         N/A       28%         3
 Mephitic Cloud           Conj/Pois/Air  7%         N/A       28%         3
 Searing Ray              Conj           2%         2d4       34%         2
 Wereblood                Tmut           1%         N/A       34%         2
 Dazzling Flash           Conj/Hex       10%        N/A       34%         3
 Inner Flame              Hex/Fire       5%         N/A       34%         3
 Cause Fear               Hex            5%         N/A       54%         4
 Iskenderun's Mystic Bla  Conj/Tloc      7%         2d4       67%         4
 Fulminant Prism          Conj/Hex       2%         3d6       75%         4
 Manifold Assault         Tloc           13%        N/A       75%         5
 Summon Forest            Summ/Tloc      3%         N/A       95%         5
 Blade Hands              Tmut           0%         N/A       99%         5
 Freezing Cloud           Conj/Ice/Air   0%         6-21      99%         5
 Irradiate                Conj/Tmut      0%         3d11      99%         5
 Iskenderun's Battlesphe  Conj           1%         2d6       99%         5
 Eringya's Noxious Bog    Tmut/Pois      5%         N/A       100%        6
 Iron Shot                Conj/Erth      0%         9d1       100%        6
 Starburst                Conj/Fire      0%         6d3       100%        6
 Dragon Form              Tmut           0%         N/A       100%        7
 Haunt                    Necr/Summ      0%         N/A       100%        7
 Spellforged Servitor     Conj/Summ      0%         N/A       100%        7
 Storm Form               Tmut/Air       0%         N/A       100%        7
 Summon Hydra             Summ           0%         N/A       100%        7
 Infestation              Necr           0%         N/A       100%        8
 Animate Dead             Necr           Unusable   N/A       N/A         4

Dungeon Overview and Level Annotations

Branches:
Dungeon (8/15)             Temple (1/1) D:7         Ossuary (visited)
   Lair: D:8-11

Altars:
Ashenzari
Cheibriados
Dithmenos
Elyvilon
Fedhas
Gozag
Hepliaklqana
Kikubaaqudgha
Makhleb
Nemelex Xobeh
Okawaru
Qazlal
Ru
Sif Muna
Trog
Wu Jian
Xom
Yredelemnul
Zin
The Shining One

Shops:
D:3 (=

Portals:
Abyss: D:5

Annotations:
D:4 2 runed translucent doors
D:8 Gastronok


Innate Abilities, Weirdness & Mutations

You are small and have problems with some larger weapons.
You are completely attuned to the shadows.


Message History

You shoot a sling bullet. The sling bullet hits Gastronok!
Gastronok is heavily wounded.
You shoot a sling bullet. The sling bullet hits Gastronok.
Gastronok is heavily wounded.
Gastronok waves his eye-stalks in wide circles.
The air twists around and strikes you!!!
Ouch! That really hurt!
Casting: Slow (safe; 6% risk of failure)
Confirm with . or Enter, or press ? or * to list all spells.
Aiming: Slow (safe; 6% risk of failure)
Press: ? - help, Shift-Dir - straight line, f/p - Gastronok
Aim: Gastronok, wearing a +0 hat (heavily wounded, covering ground quickly, chance to affect: 7%)
Okay, then.
Unknown command.
Okay, then.
Unknown command.
You make a move on Xom's chessboard...
Gastronok twists and deforms.
Okay, then.
The air fills with toxic fumes!
As you read the scroll of poison, it crumbles to dust.
You are too injured to fight recklessly!
Fire: a) +5 sling
Press: ? - help, Q - select action, (/) - cycle Shift-Dir - straight line, f/p - Gastronok
Aim: Gastronok, wearing a +0 hat (poison gas, heavily wounded, covering ground quickly, misshapen and mutated, 94% to hit)
You shoot a sling bullet. The sling bullet hits Gastronok!
Gastronok is heavily wounded.
Fire: a) +5 sling
Press: ? - help, Q - select action, (/) - cycle Shift-Dir - straight line, f/p - Gastronok
Aim: Gastronok, wearing a +0 hat (poison gas, heavily wounded, covering ground quickly, misshapen and mutated, 94% to hit)
You shoot a sling bullet. The sling bullet hits Gastronok!
Gastronok is severely wounded.
Gastronok is engulfed in poison gas.
Gastronok is poisoned.
You feel agile.
b - the +4 dagger of Noon (weapon)
{vorpal, rPois Dex+5} You puncture Gastronok!
Gastronok is severely wounded.
Gastronok is engulfed in poison gas.
Gastronok looks even sicker.
Gastronok bites you!!
You die...
Your body crumbles into a pile of gold.

###.##.##)#.####...#####(#.......
,...##.<.[..# #.......<[#.#...#.
**#.##.##.### #...#######.....#.
###.......# ##...### #>......
.......#### #§§§§§§## #.....##
######## #§§§§§#.####....... ...#
#§§§.§##..##....... ##.#
########§w§####.####.#... ##.#
#...§§§§@### ##.####.... ##.#
#.######§§## ##...# ###.. ##.#
#.# #§§§###..#.# **# ...# #.#
#§§#§#.#.#.# #### #.#
#§§§§§...#.# #####.##
##.#######.# #......#### #.#
#....# #.##.#....###.####.#..##
#.###..##.#............#


You could see Gastronok (swift, very poisoned, misshapen).

Vanquished Creatures
  Pikel (D:6)
  Joseph (D:7)
  A wyvern (D:8)
  The ghost of elisander the Slasher, an amateur GrMo (D:5)
  A water moccasin (D:8)
  3 orc warriors
  2 ice beasts (D:5)
  A sky beast (D:7)
  An ogre (D:5)
  2 black bears
  2 centaurs
  2 lemures (D:6)
  An elf zombie (Ossuary)
  A kobold brigand (D:6)
  2 necrophages
  4 bullfrogs
  7 wights
  2 small abominations (D:5)
  2 howler monkeys (D:8)
  4 orc priests
  A human zombie (Ossuary)
  2 hounds
  3 jellies
  5 iguanas
  2 orc wizards (D:4)
  2 hound zombies (Ossuary)
  4 mummies (Ossuary)
  13 adders
  A shadow imp (D:6)
  A white imp (D:6)
  2 ufetubi
  2 adder zombies (Ossuary)
  A worm (D:2)
  4 dart slugs
  23 orcs
  8 ball pythons
  7 endoplasms
  2 giant cockroaches
  13 goblins
  5 hobgoblins
  5 jackals
  3 quokkas
  3 bats
  5 frilled lizards
  3 hobgoblin zombies (Ossuary)
  17 kobolds
  2 orc zombies (Ossuary)
  5 rats
  A rat zombie (Ossuary)
186 creatures vanquished.

Notes
Turn   | Place    | Note
-------+----------+-------------------------------------------
     0 | D:1      | bwicke the Kobold Arcane Marksman began the quest for the
                  | Orb.
     0 | D:1      | Reached XP level 1. HP: 12/12 MP: 2/2
   119 | D:1      | Reached XP level 2. HP: 13/16 MP: 3/3
   180 | D:1      | Found a faded altar of an unknown god.
   497 | D:1      | Reached XP level 3. HP: 8/20 MP: 0/4
  1735 | D:2      | Reached XP level 4. HP: 21/25 MP: 3/5
  1969 | D:2      | Reached skill level 5 in Ranged Weapons
  2113 | D:2      | Identified the +4 dagger of Noon {vorpal, rPois Dex+5}
  2494 | D:3      | Reached skill level 1 in Short Blades
  2806 | D:3      | Found an ancient bone altar of Kikubaaqudgha.
  2849 | D:3      | Found Ovi Elib's Jewellery Shop.
  3228 | D:3      | Reached XP level 5. HP: 26/29 MP: 6/6
  3275 | D:3      | Found Pityrch's Weapon Emporium.
  3398 | D:3      | Found a glowing golden altar of the Shining One.
  3541 | D:4      | Found a large runed translucent door.
  3541 | D:4      | Found a large runed translucent door.
  3621 | D:4      | Noticed a bullfrog
  3621 | D:4      | Noticed a black bear
  4045 | D:4      | Reached XP level 6. HP: 30/34 MP: 7/7
  4186 | D:4      | Reached skill level 5 in Short Blades
  4619 | D:4      | Found a large runed translucent door.
  4630 | D:4      | Found a large runed translucent door.
  4650 | D:4      | Noticed an orc warrior
  4669 | D:4      | Killed an orc warrior
  4670 | D:4      | Reached XP level 7. HP: 18/38 MP: 5/8
  5145 | D:5      | Entered Level 5 of the Dungeon
  5461 | D:5      | Found the +18 Lear's hauberk
  5480 | D:5      | Reached XP level 8. HP: 43/43 MP: 6/9
  6087 | D:5      | Reached skill level 10 in Short Blades
  6195 | D:5      | Found a transporter.
  6200 | D:5      | Found a transporter.
  7046 | D:5      | Reached skill level 5 in Stealth
  7278 | D:5      | Found a one-way gate to the infinite horrors of the Abyss.
  7278 | D:5      | Noticed elisander's ghost (amateur GrMo)
  7506 | D:5      | Killed elisander's ghost
  7688 | D:6      | Reached XP level 9. HP: 47/47 MP: 10/10
  8405 | D:6      | Reached skill level 10 in Stealth
  8444 | D:6      | Noticed Pikel
  8450 | D:6      | Killed Pikel
  9022 | D:7      | Noticed Joseph
  9025 | D:7      | Killed Joseph
  9026 | D:7      | Reached XP level 10. HP: 52/52 MP: 11/11
  9031 | D:7      | Learned a level 2 spell: Blink
  9204 | D:7      | Found a staircase to the Ecumenical Temple.
  9217 | Temple   | Entered the Ecumenical Temple
  9337 | Temple   | Became a worshipper of Gozag Ym Sagoz the Greedy
  9494 | D:7      | Reached skill level 1 in Poison Magic
 10164 | D:8      | Noticed Gastronok
 10207 | D:8      | Reached skill level 5 in Poison Magic
 10399 | D:8      | Found a sand-covered staircase.
 10405 | Ossuary  | Entered an ossuary
 11035 | D:8      | Slain by Gastronok

Illustrated notes

Levels and vault maps discovered:
D:1:      dpeg_arrival_pond, layout_rooms,
          hellmonk_ecumenical_altar_pennies_from_heaven, grunt_decor_junction,
          minmay_misc_feat_roman
D:2:      layout_basic
D:3:      layout_basic, lemuel_tele_altar, nicolae_overflow_crystal_walls,
          serial_shops, shop, nicolae_shop_crystal
D:4:      layout_basic, minmay_misc_feat_five, minmay_hollow_rounded_squares
D:5:      layout_basic, gammafunk_ghost_abyssal_escape, st_stairs_10,
          nicolae_figureground_pulse
D:6:      layout_cave_pods, uniq_pikel
D:7:      layout_cave_pools, minmay_temple_entry_offerings,
          minmay_misc_feat_chi, uniq_joseph
D:8:      layout_loops_cross, enter_bailey_5, chequers_ossuary_entry_cave,
          uniq_gastronok
Temple:   nicolae_temple_two_arcs

Skill      XL: |  1  2  3  4  5  6  7  8  9 10 |
---------------+-------------------------------+-----
Ranged Weapons | 3 4 5 9 |  9.1
Short Blades   | 2 4 7 9 10 | 10.0
Stealth        | 8 10 | 10.0
Translocations | 3 4 |  4.0
Poison Magic   | 6 |  6.1
Fighting       | |  1.3
Dodging        | |  2.5
Spellcasting   | |  1.2
Hexes          | |  3.0

Action                   |  1- 3 |  4- 6 |  7- 9 | 10-12 || total
-------------------------+-------+-------+-------+-------++-------
Melee: Dagger            |       |    95 |   144 |    87 ||   326
       Punch             |       |     1 |     3 |     1 ||     5
 Fire: Sling             |   100 |    55 |    34 |    58 ||   247
Throw: Dart              |       |       |     1 |       ||     1
 Cast: Slow              |     7 |     8 |    11 |     1 ||    27
Evoke: Wand              |       |     1 |     3 |     3 ||     7
       Piece from Xom's  |       |       |       |     1 ||     1
  Use: Scroll            |     1 |     3 |     4 |     8 ||    16
       Potion            |       |       |       |     3 ||     3
 Stab: Sleeping          |       |     8 |    20 |    10 ||    38
       Distracted        |       |       |     1 |     1 ||     2
Armor: Robe              |     7 |    14 |     9 |     8 ||    38
Dodge: Dodged            |    29 |    75 |    48 |    40 ||   192
Block: Other             |     5 |    18 |    15 |    10 ||    48
       Reflection        |     3 |     2 |       |     1 ||     6
